 Dungeon Crawl Stone Soup version 0.27.0-1-g7a089689b8 (webtiles) character file.

Game seed: 11856924479882416193

167 Demosthentine the Poker (level 5, -10/41 HPs)
             Began as a Merfolk Gladiator on Aug 8, 2021.
             Killed from afar by Dowan (13 damage)
             ... with a puff of frost
             ... on level 4 of the Dungeon.
             The game lasted 00:02:40 (3422 turns).

Demosthentine the Poker (Merfolk Gladiator)         Turns: 3422, Time: 00:02:41

Health: -10/41     AC:  5    Str: 15    XL:     5   Next: 48%
Magic:  5/5        EV: 14    Int: 14    God:
Gold:   100        SH:  0    Dex: 15    Spells: 4/4 levels left

rFire    . . .     SeeInvis .   a - +1 trident
rCold    . . .     Faith    .   (no shield)
rNeg     . . .     Spirit   .   b - +0 leather armour
rPois    .         Reflect  .   c - +1 helmet
rElec    .         Harm     .   (no cloak)
rCorr    .         Rampage  .   (no gloves)
Will     .....                  (no boots)
Stlth    +.........             (no amulet)
HPRegen  0.13/turn              j - +6 ring of intelligence
MPRegen  0.09/turn              (no ring)

@: no status effects
A: (nimble swimmer 2), mertail
a: no special abilities


You were on level 4 of the Dungeon.
You visited 1 branch of the dungeon, and saw 4 of its levels.

You collected 100 gold pieces.

Inventory:

Hand Weapons
 a - a +1 trident (weapon)
Missiles
 d - a throwing net (quivered)
Armour
 b - a +0 leather armour (worn)
 c - a +1 helmet (worn)
Jewellery
 j - a +6 ring of intelligence (left hand)
Scrolls
 e - a scroll of teleportation
 f - a scroll of fog
 g - a scroll of magic mapping


   Skills:
 + Level 3.5 Fighting
 + Level 5.8 Polearms
 - Level 2.0 Throwing
 + Level 1.5 Armour
 + Level 5.2 Dodging


You had 4 spell levels left.
You didn't know any spells.
Your spell library contained the following spells:

 Spells                   Type           Power      Damage    Failure   Level
 Sandblast                Erth           0%         2d4       34%         1
 Passwall                 Tmut/Erth      0%         N/A       47%         2
 Gell's Gravitas          Tloc           0%         N/A       71%         3
 Swiftness                Air            0%         N/A       71%         3
 Teleport Other           Tloc           0%         N/A       71%         3
 Lee's Rapid Deconstruct  Erth           0%         3d5*      100%        5
 Dispersal                Tloc           0%         N/A       100%        6
 Invisibility             Hex            0%         N/A       100%        6


Dungeon Overview and Level Annotations

Branches:
Dungeon (4/15)             Temple (0/1) D:4

Altars:

Shops:
D:1 !

Annotations:
D:4 1 transporter, Dowan, Duvessa


Innate Abilities, Weirdness & Mutations

((You are quick and stealthy near water. (Stealth+, EV+, Speed+++)))
Your lower body shifts to a powerful aquatic tail in water.


Message History

Duvessa hits you with a +0 short sword!
Dowan mumbles some strange words.
Dowan blinks!
Duvessa misses you. Duvessa hits you with a +0 short sword.
Duvessa hits you with a +0 short sword!
* * * LOW HITPOINT WARNING * * *
Duvessa hits you but does no damage.
It was a potion of brilliance.
You feel clever all of a sudden. Duvessa closely misses you.
Duvessa hits you but does no damage.
It was a potion of curing.
You feel better.
You are no longer glowing.
Duvessa hits you but does no damage.
It was a potion of cancellation.
Your magical effects are unravelling.
You feel magically purged.
You feel a little less clever now. Duvessa hits you with a +0 short sword!
* * * LOW HITPOINT WARNING * * *
Dowan mumbles some strange words.
Dowan blinks!
Duvessa misses you.
Throw: 3 throwing nets
Press: ? - help, Q - select action Shift-Dir - straight line, f - Dowan
Aim: Dowan, wielding a +0 dagger and wearing a +0 robe (50% to hit)
You throw a throwing net. The throwing net closely misses Dowan.
Dowan hits you but does no damage. Duvessa hits you with a +0 short sword.
* * * LOW HITPOINT WARNING * * *
Throw: 2 throwing nets
Press: ? - help, Q - select action Shift-Dir - straight line, f - Duvessa, p - Dowan
Aim: Duvessa, wielding a +0 short sword and wearing a +0 leather armour (fast, 64% to hit)
You throw a throwing net. The throwing net hits Duvessa.
Duvessa is caught in the net!
Duvessa struggles against the net.
Dowan hits you with a +0 dagger.
* * * LOW HITPOINT WARNING * * *
You puncture Duvessa!
Duvessa is moderately wounded.
Duvessa struggles against the net.
Dowan casts a spell at you. The puff of frost hits you!
You die...

.....###..#..............
.....##..##....#.........
...(.....##....#.........
##......###..#...........
##.###.###..#...........
####...###............. ###
##..(......###.........
#.###....e#eK..>##.##......
##..###....@###..####......#
#...##......#.....####.....#
#................>.........#
#.................#........#
##................#........#
##.##.##..................#
#######.#.##.......#.....#
#####........#...<.#
#.#..........#.#.


You could see Duvessa (fast, caught), Dowan and a kobold.

Vanquished Creatures
  An orc priest (D:2)
  Jessica (D:3)
  Robin (D:2)
  An adder (D:2)
  An adder skeleton (D:4)
  A worm (D:3)
  A dart slug (D:4)
  6 orcs
  3 bats
  4 endoplasms
  A giant cockroach (D:1)
  16 goblins
  9 hobgoblins
  7 jackals
  3 quokkas (D:1)
  5 ball pythons
  3 frilled lizards
  3 kobolds
  6 rats
73 creatures vanquished.

Notes
Turn   | Place    | Note
-------+----------+-------------------------------------------
     0 | D:1      | Demosthentine the Merfolk Gladiator began the quest for the
                  | Orb.
     0 | D:1      | Reached XP level 1. HP: 16/16 MP: 1/1
    27 | D:1      | Reached XP level 2. HP: 15/23 MP: 2/2
   257 | D:1      | Found a faded altar of an unknown god.
   789 | D:1      | Reached XP level 3. HP: 28/28 MP: 3/3
   851 | D:1      | Found Lebba's Distillery.
  1334 | D:2      | Reached skill level 5 in Polearms
  1926 | D:3      | Noticed Robin
  1940 | D:3      | Reached skill level 1 in Armour
  2137 | D:2      | Reached XP level 4. HP: 6/35 MP: 4/4
  2425 | D:2      | Killed Robin
  2697 | D:3      | Reached skill level 5 in Dodging
  2707 | D:3      | Noticed Jessica
  2712 | D:3      | Killed Jessica
  2713 | D:3      | Reached XP level 5. HP: 41/41 MP: 5/5
  3368 | D:4      | Found a staircase to the Ecumenical Temple.
  3377 | D:4      | Noticed Dowan
  3378 | D:4      | Noticed Duvessa
  3379 | D:4      | Found a transporter.
  3422 | D:4      | Killed from afar by Dowan

Illustrated notes

Levels and vault maps discovered:
D:1:      minmay_arrival_shoal_huts, layout_loops_ring,
          ebering_ecumenical_altar_petrified, serial_shops,
          nicolae_lakefront_shop
D:2:      layout_loops_corners
D:3:      layout_rooms, uniq_jessica, uniq_robin
D:4:      layout_cave_pools, mainiacjoe_overflow_catwalk_spiral,
          minmay_temple_entry_statues, gammafunk_ghost_smash, nzn_random_ring,
          uniq_duvessa

Skill      XL: |  1  2  3  4 |
---------------+-------------+-----
Polearms       | 5 |  5.8
Armour         | 1 |  1.5
Fighting       | 3 |  3.5
Dodging        | 5 |  5.2
Throwing       | |  2.0

Action                   |  1- 3 |  4- 6 || total
-------------------------+-------+-------++-------
Melee: Trident           |   132 |    86 ||   218
Throw: Throwing net      |       |     2 ||     2
  Use: Scroll            |     4 |     2 ||     6
       Potion            |       |     3 ||     3
 Stab: Sleeping          |     3 |     1 ||     4
       Distracted        |     1 |       ||     1
Armor: Leather armour    |    28 |    19 ||    47
Dodge: Dodged            |    80 |    65 ||   145
